 Dungeon Crawl Stone Soup version 0.31.0-12-g77e489cdc1 (webtiles) character file.

Game seed: 100712386890951296

552 Killerpretzel the Insei (level 7, -2/47 HPs)
             Began as an Octopode Shapeshifter on Feb 21, 2024.
             Slain by an ice beast (7 damage)
             ... on level 5 of the Dungeon.
             The game lasted 00:03:13 (3267 turns).

Killerpretzel the Insei (Octopode Shapeshifter)     Turns: 3267, Time: 00:03:13

Health: -2/47      AC:  1    Str: 19    XL:     7   Next: 29%
Magic:  7/7        EV: 14    Int: 18    God:
Gold:   118        SH:  0    Dex: 14    Spells: 6/6 levels left

rFire   . .          .
                       - Unarmed
rCold   . . .        (no shield)
rNeg    . . .        (helmet currently unavailable)
rPois   .            (no amulet)
rElec   .            e - +6 ring of strength
rCorr   .            f - +6 ring of intelligence
SInv    .            (no ring)
Will    .....        (no ring)
Stlth   ++           (no ring)
HPRegen 0.27/turn    (no ring)
MPRegen 0.10/turn    (no ring)
                     (no ring)

%: no passive effects
@: beast-form
A: beast (slay +2), almost no armour, amphibious, 8 rings, camouflage 1,
gelatinous body 1, (nimble swimmer 1), tentacles
a: Begin Untransformation


You were on level 5 of the Dungeon.
You were a hulking beast.
You visited 1 branch of the dungeon, and saw 5 of its levels.

You collected 118 gold pieces.

Inventory:

Hand Weapons
 s - a +4 quarterstaff of chaos
Jewellery
 e - a +6 ring of strength (left tentacle)
 f - a +6 ring of intelligence (right tentacle)
Talismans
 b - a beast talisman
 c - a flux talisman
Wands
 j - a wand of flame (14)
 n - a wand of charming (7)
Scrolls
 d - 2 scrolls of fear
 h - 2 scrolls of immolation
 i - 6 scrolls of vulnerability
Potions
 a - 3 potions of lignification
 g - a potion of ambrosia
 k - a potion of heal wounds
 m - a potion of mutation
 q - a potion of brilliance


   Skills:
 + Level 3.6 Fighting
 + Level 4.2 Dodging
 + Level 4.7 Unarmed Combat
 * Level 4.5 Shapeshifting


You had 6 spell levels left.
You didn't know any spells.
Your spell library contained the following spells:

 Spells                   Type           Power      Damage    Failure   Level
 Ensorcelled Hibernation  Hex/Ice        0%         N/A       32%         2
 Jinxbite                 Hex            0%         N/A       32%         2
 Passwall                 Erth           0%         N/A       54%         3
 Swiftness                Air            0%         N/A       54%         3
 Yara's Violent Unravell  Hex/Alch       0%         3d3       99%         5
 Enfeeble                 Hex            0%         N/A       100%        7


Dungeon Overview and Level Annotations

Branches:
Dungeon (5/15)
 Temple: D:4-7

Altars:
Hepliaklqana
Kikubaaqudgha


Innate Abilities, Weirdness & Mutations

You are a hulking beast.
Your limbs bulge with bestial killing power. (Slay +2)
You cannot wear most types of armour.
You are amphibious.
You can wear up to eight rings at the same time.
Your skin changes colour to match your surroundings (Stealth+).
Your rubbery body absorbs attacks. (AC +1, EV +1)
((You are camouflaged when in or above water. (Stealth+)))
You have tentacles for arms and can constrict up to eight enemies at once.


Message History

You barely miss the adder.
The adder is almost dead.
You constrict the adder.
You kill the adder!
You tentacle-slap the ice beast.
The ice beast is lightly wounded.
The ice beast hits you. The ice beast freezes you!
You are too injured to fight recklessly!
You are too injured to fight recklessly!
An ice beast is nearby!
You are too injured to fight recklessly!
You are too injured to fight recklessly!
You are too injured to fight recklessly!
You are too injured to fight recklessly!
You are too injured to fight recklessly!
You are too injured to fight recklessly!
You are too injured to fight recklessly!
You are too injured to fight recklessly!
You are too injured to fight recklessly!
You are too injured to fight recklessly!
An ice beast is nearby!
You barely miss the ice beast.
The ice beast is lightly wounded.
The ice beast barely misses you.
You closely miss the ice beast. You squeeze the ice beast.
The ice beast is moderately wounded.
The ice beast hits you. The ice beast freezes you!
* * * LOW HITPOINT WARNING * * *
You tentacle-slap the ice beast.
The ice beast is heavily wounded.
You tentacle-slap the ice beast but do no damage.
Your squeeze misses the ice beast.
The ice beast is heavily wounded.
The ice beast misses you.
You tentacle-slap the ice beast but do no damage.
The ice beast is heavily wounded.
The ice beast hits you.
* * * LOW HITPOINT WARNING * * *
The ice beast freezes you!
You die...

# ......######.###.####
## #.#.............# # .
#.....#####..#### # ###
................#### ..
#.................
###### ####
#.#...............
...... .....
#.#........#......
#.####
......#....###...#......
.....SYh.........#......
#
......#....##.#..#......
..... #..?....#.........
.... #.................
.". ##..?##.#...####.#
.. ..... .... #.# .
####### ### ### #


You could see an ice beast and an adder.

Vanquished Creatures
  Menkaure (D:4)
  A scorpion (D:4)
  2 howler monkeys (D:4)
  A bombardier beetle (D:5)
  Crazy Yiuf (D:4)
  An orc priest (D:4)
  2 iguanas
  An orc wizard (D:4)
  6 adders
  A dart slug (D:2)
  8 orcs
  9 endoplasms
  10 goblins
  7 hobgoblins
  3 jackals (D:4)
  12 kobolds
  3 quokkas
  6 ball pythons
  A bat (D:1)
  3 frilled lizards
  5 rats
84 creatures vanquished.

Notes
Turn   | Place    | Note
-------+----------+-------------------------------------------
     0 | D:1      | Killerpretzel the Octopode Shapeshifter began the quest for
                  | the Orb.
     0 | D:1      | Reached XP level 1. HP: 13/13 MP: 1/1
    39 | D:1      | Reached XP level 2. HP: 14/18 MP: 2/2
   649 | D:2      | Reached XP level 3. HP: 20/23 MP: 3/3
   995 | D:2      | You fall into a shaft and drop 1 floor!
  1020 | D:3      | Reached XP level 4. HP: 4/29 MP: 4/4
  1206 | D:3      | HP: 1/29 [iguana (11)]
  1642 | D:3      | Reached XP level 5. HP: 24/35 MP: 5/5
  1725 | D:3      | Found a hazy altar of Hepliaklqana.
  2119 | D:4      | Reached XP level 6. HP: 26/41 MP: 6/6
  2827 | D:4      | Noticed Menkaure
  2832 | D:4      | Killed Menkaure
  2833 | D:4      | Reached XP level 7. HP: 46/46 MP: 7/7
  2872 | D:4      | Found an ancient bone altar of Kikubaaqudgha.
  2941 | D:4      | Found a runed translucent door.
  2942 | D:4      | Noticed Crazy Yiuf
  2948 | D:4      | Killed Crazy Yiuf
  3099 | D:5      | Entered Level 5 of the Dungeon
  3256 | D:5      | Found the Hermit's Pendant {Faith Invo=14 Evo=0 MP+5}
  3267 | D:5      | Slain by an ice beast

Illustrated notes

Levels and vault maps discovered:
D:1:      dpeg_arrival_pond, layout_rooms
D:2:      layout_loops_corners, minmay_hexomino_r4
D:3:      layout_loops_ring, nzn_hepliaklqana_mist_gate
D:4:      layout_loops_ring, kennysheep_mini, uniq_crazy_yiuf_cottage,
          uniq_menkaure
D:5:      layout_basic, evilmike_ruin_ashenzari, corexii_corridor_pit,
          minmay_crystal_water, nicolae_the_louvre

Skill      XL: |  1  2  3  4  5  6 |
---------------+-------------------+-----
Fighting       | 2 3 |  3.6
Dodging        | 3 4 |  4.2
Unarmed Combat | 4 |  4.7
Shapeshifting  | 4 |  4.5

Action                     |  1- 3 |  4- 6 |  7- 9 || total
---------------------------+-------+-------+-------++-------
  Melee: Unarmed           |    58 |    84 |    16 ||   158
         Tentacles         |    16 |    20 |     4 ||    40
         Constrict         |    16 |    22 |     3 ||    41
         Punch             |       |     3 |       ||     3
    Use: Scroll            |     3 |     4 |     5 ||    12
         Potion            |       |       |     1 ||     1
   Stab: Sleeping          |     4 |     5 |     1 ||    10
         Distracted        |       |     1 |       ||     1
 Armour: Skin              |    16 |    29 |     9 ||    54
  Dodge: Dodged            |    31 |    39 |     4 ||    74
